 Dungeon Crawl Stone Soup version 0.29.1 (webtiles) character file.

Game seed: 11749969153741981288

3275 EvilAshe the Destroyer (level 10, -7/50 HPs)
             Began as a Tengu Fire Elementalist on Sept 14, 2022.
             Killed by divine providence
             ... invoked by an orc priest
              (9 damage)
             ... on level 8 of the Dungeon.
             The game lasted 00:25:21 (8839 turns).

EvilAshe the Destroyer (Tengu Fire Elementalist)    Turns: 8839, Time: 00:25:22

Health: -7/50      AC:  6    Str:  8    XL:     10   Next: 0%
Magic:  12/20      EV: 22    Int: 21    God:
Gold:   334        SH:  0    Dex: 14    Spells: 11/21 levels left

rFire   . . .      SeeInvis .   g - +1 demon whip
rCold   . . .      Faith    .   (no shield)
rNeg    . . .      Spirit   .   A - +0 steam dragon scales
rPois   .          Reflect  .   (helmet restricted)
rElec   .          Harm     .   s - +0 cloak
rCorr   .          Rampage  .   (no gloves)
Will    .....                   (boots unavailable)
Stlth   ++........              (no amulet)
HPRegen 0.16/turn               o - +4 ring of evasion
MPRegen 0.17/turn               (no ring)

@: flying quickly and evasively, quick
A: beak, talons 3, nimble flight
a: no special abilities


You were on level 8 of the Dungeon.
You visited 1 branch of the dungeon, and saw 8 of its levels.

You collected 334 gold pieces.

Inventory:

Hand Weapons
 g - a +1 demon whip (weapon)
Missiles
 f - 83 stones (quivered)
 k - 5 atropa-tipped darts
Armour
 h - a +0 leather armour
 s - a +0 cloak (worn)
 A - +0 steam dragon scales (worn)
Jewellery
 o - a +4 ring of evasion (left hand)
Wands
 l - a wand of quicksilver (6)
 x - a wand of iceblast (6)
 y - a wand of digging (9)
Scrolls
 c - 2 scrolls of enchant weapon
 e - 3 scrolls of amnesia {unknown}
 j - 3 scrolls of identify
 n - a scroll of poison {unknown}
 p - a scroll of teleportation {unknown}
 r - a scroll of torment {unknown}
 t - a scroll of enchant armour {unknown}
 u - a scroll of magic mapping {unknown}
Potions
 a - a potion of attraction {unknown}
 b - a potion of magic
 d - 2 potions of curing
 i - 4 potions of haste {unknown}
 m - 4 potions of might
 q - a potion of degeneration {unknown}
 v - a potion of mutation {unknown}
 w - a potion of brilliance {unknown}
 z - a potion of ambrosia {unknown}


   Skills:
 + Level 7.7 Dodging
 - Level 3.1 Stealth
 + Level 6.4 Spellcasting
 + Level 9.0 Conjurations
 + Level 8.2 Fire Magic


You had 11 spell levels left.
You knew the following spells:

 Your Spells              Type           Power      Damage    Failure   Level
a - Foxfire               Conj/Fire      100%       2x1d9     1%          1
b - Scorch                Fire           82%        2d9       1%          2
c - Conjure Flame         Conj/Fire      43%        6-21      1%          3
d - Flame Wave            Conj/Fire      43%        2d11      2%          4

Your spell library contained the following spells:

 Spells                   Type           Power      Damage    Failure   Level
 Magic Dart               Conj           100%       1d8       1%          1
 Inner Flame              Hex/Fire       24%        N/A       5%          3
 Mephitic Cloud           Conj/Pois/Air  19%        N/A       9%          3
 Call Imp                 Summ           6%         N/A       14%         2
 Call Canine Familiar     Summ           6%         N/A       28%         3
 Gell's Gravitas          Tloc           6%         N/A       28%         3
 Lesser Beckoning         Tloc           6%         N/A       28%         3
 Portal Projectile        Hex/Tloc       12%        N/A       28%         3
 Teleport Other           Tloc           6%         N/A       28%         3
 Anguish                  Hex/Necr       3%         N/A       67%         4
 Leda's Liquefaction      Hex/Erth       3%         N/A       67%         4
 Summon Cactus Giant      Summ           3%         N/A       100%        6
 Enfeeble                 Hex            3%         N/A       100%        7


Dungeon Overview and Level Annotations

Branches:
Dungeon (8/15)             Temple (0/1) D:6
   Lair: D:8-11

Altars:
Ru


Innate Abilities, Weirdness & Mutations

You have a beak for a mouth.
You have claws for feet.
Your magical nature lets you fly swiftly and evasively.


Message History

An orc priest comes into view. It is wielding a +0 mace.
Casting: Scorch (safe; 1% risk of failure)
Confirm with . or Enter, or press ? or * to list all spells.
Flames lash the orc priest.
The orc priest is severely wounded.
The orc priest's fire resistance burns away.
The orc warrior shouts!
The orc priest shouts!
Casting: Scorch (safe; 1% risk of failure)
Confirm with . or Enter, or press ? or * to list all spells.
Flames lash the orc warrior.
The orc warrior is moderately wounded.
The orc warrior's fire resistance burns away.
You see here a +0 robe.
The orc priest is no longer more vulnerable to fire.
Casting: Scorch (safe; 1% risk of failure)
Confirm with . or Enter, or press ? or * to list all spells.
Flames lash the orc priest.
The orc priest is severely wounded.
The orc priest's fire resistance burns away.
The orc priest mumbles some strange prayers to Beogh against you.
Pain shoots through your body!
The orc priest mumbles some strange prayers to Beogh against you.
Pain shoots through your body!
The orc priest invokes the aid of Beogh against you.
Beogh smites you!
The orc warrior unwields a +0 glaive.
The orc warrior wields a +0 arbalest.
The orc warrior shoots a bolt.
The bolt hits you!!
* * * LOW HITPOINT WARNING * * *
Casting: Scorch (safe; 1% risk of failure)
Confirm with . or Enter, or press ? or * to list all spells.
Flames lash the orc warrior but do no damage.
The orc priest is no longer more vulnerable to fire.
Casting: Scorch (safe; 1% risk of failure)
Confirm with . or Enter, or press ? or * to list all spells.
Flames lash the orc warrior.
The orc warrior is moderately wounded.
The orc warrior's fire resistance burns away.
The orc priest calls down the wrath of Beogh upon you.
Beogh smites you!
You die...

.......#.# #.# ##########
### # ## .# .# .##.###
#######
......#############.....#
#######..†......@..o.##.#
# ##.##########o.##.# #
#.# #..##.# # #.# #..o..#
# ##'## #.##..# # ##...##
#.##..# # ##.....##
#.[...# # ##.......##
#.###o## ####.........#
#.. #.#


You could see an orc warrior (combustible) and an orc priest.

Vanquished Creatures
  A two-headed ogre (D:6)
  A steam dragon (D:8)
  Menkaure (D:7)
  A water moccasin (D:6)
  A sky beast (D:6)
  2 ice beasts
  An ogre (D:6)
  2 centaurs
  A phantom (D:4)
  2 kobold brigands
  2 bullfrogs
  A necrophage (D:5)
  3 scorpions
  4 wights
  6 killer bees (D:8)
  2 hounds (D:5)
  3 orc priests
  A gnoll bouda (D:5)
  2 jellies (D:5)
  3 iguanas
  Ijyb (D:4)
  2 orc wizards (D:4)
  15 gnolls
  13 adders
  3 worms (D:2)
  A dart slug (D:1)
  14 orcs
  8 ball pythons
  6 endoplasms
  4 giant cockroaches
  9 goblins
  8 hobgoblins
  2 jackals (D:2)
  4 quokkas
  7 bats
  3 frilled lizards
  19 kobolds
  5 rats
164 creatures vanquished.

Vanquished Creatures (others)
  238 foxfires
  9 plants
  A withered plant (D:2)
248 creatures vanquished.

Grand Total: 412 creatures vanquished

Notes
Turn   | Place    | Note
-------+----------+-------------------------------------------
     0 | D:1      | EvilAshe the Tengu Fire Elementalist began the quest for
                  | the Orb.
     0 | D:1      | Reached XP level 1. HP: 10/10 MP: 4/4
   334 | D:1      | Reached XP level 2. HP: 15/15 MP: 6/6
   756 | D:1      | Reached skill level 2 in Conjurations
   993 | D:1      | Reached XP level 3. HP: 19/19 MP: 7/7
  1232 | D:1      | Learned a level 2 spell: Scorch
  1343 | D:2      | Found a faded altar of an unknown god.
  1565 | D:2      | Reached XP level 4. HP: 14/24 MP: 3/8
  2158 | D:2      | Reached skill level 3 in Conjurations
  2455 | D:2      | Gained mutation: Your magical nature lets you fly swiftly
                  | and evasively. [Tengu growth]
  2455 | D:2      | Reached XP level 5. HP: 28/28 MP: 6/9
  2804 | D:4      | Found a sacrificial altar of Ru.
  3547 | D:4      | Noticed a phantom
  3568 | D:4      | Killed a phantom
  3569 | D:4      | Reached XP level 6. HP: 30/32 MP: 1/11
  3661 | D:4      | Reached skill level 4 in Conjurations
  3777 | D:4      | Noticed Ijyb
  4030 | D:4      | Reached XP level 7. HP: 36/36 MP: 9/13
  4161 | D:5      | Entered Level 5 of the Dungeon
  4249 | D:4      | Killed Ijyb
  4250 | D:4      | Reached skill level 5 in Fire Magic
  4666 | D:4      | Reached skill level 5 in Conjurations
  4670 | D:4      | Learned a level 3 spell: Conjure Flame
  5182 | D:5      | Reached skill level 5 in Dodging
  5182 | D:5      | Reached XP level 8. HP: 41/41 MP: 3/15
  5433 | D:5      | Reached skill level 6 in Conjurations
  6122 | D:7      | Noticed Menkaure
  6232 | D:6      | Reached skill level 5 in Spellcasting
  6253 | D:6      | HP: 1/41 [kobold brigand/+0 dagger (2)]
  6587 | D:5      | Reached skill level 7 in Conjurations
  6663 | D:6      | Found a staircase to the Ecumenical Temple.
  6664 | D:6      | Noticed a two-headed ogre
  6741 | D:6      | Learned a level 4 spell: Flame Wave
  6923 | D:6      | Reached XP level 9. HP: 45/45 MP: 12/17
  7012 | D:6      | Noticed a deep elf pyromancer
  7723 | D:6      | Killed a two-headed ogre
  7724 | D:6      | Reached skill level 8 in Conjurations
  7896 | D:7      | Killed Menkaure
  8737 | D:8      | Reached skill level 9 in Conjurations
  8737 | D:8      | Reached XP level 10. HP: 41/50 MP: 9/20
  8836 | D:8      | HP: 2/50 [orc warrior/bolt (19)]
  8839 | D:8      | Killed from afar by an orc priest

Illustrated notes

Levels and vault maps discovered:
D:1:      dpeg_cavernosity, layout_basic, minmay_hexomino_f4
D:2:      layout_basic, ebering_ecumenical_altar_petrified, uniq_sigmund
D:3:      wad_pebble_path, layout_basic, chequers_serial_rivers_marsh,
          serial_bayou_crossing
D:4:      layout_rooms, mainiacjoe_overflow_boulevard,
          chequers_serial_rivers_small_3, minmay_misc_feat_nine_boxes, uniq_ijyb
D:5:      layout_basic, abandoned_shop
D:6:      layout_cave_pools, minmay_temple_entry_crystal_x,
          guppyfry_early_elven_hall, uniq_crazy_yiuf_cottage
D:7:      layout_rooms, nicolae_ossuary_entry_giza,
          gammafunk_ghost_nasty_kobolds, grunt_ogre_cave, minivault_5,
          uniq_menkaure
D:8:      layout_loops_corners, lemuel_coloured_pillars_altar, led_sif_book,
          enter_bailey_2

Skill      XL: |  1  2  3  4  5  6  7  8  9 |
---------------+----------------------------+-----
Conjurations   | 2 3 4 5 7 9 |  9.0
Dodging        | 3 4 5 6 7 |  7.7
Fire Magic     | 4 5 6 8 |  8.2
Stealth        | 3 |  3.1
Spellcasting   | 3 4 5 6 |  6.4

Action                   |  1- 3 |  4- 6 |  7- 9 | 10-12 || total
-------------------------+-------+-------+-------+-------++-------
Melee: Demon whip        |    24 |    20 |    13 |       ||    57
       Peck              |     4 |     1 |       |       ||     5
       Kick              |     2 |     6 |     5 |       ||    13
       Punch             |       |     1 |     1 |       ||     2
Throw: Stone             |     2 |     2 |       |       ||     4
 Cast: Foxfire           |    29 |    43 |    66 |       ||   138
       Scorch            |     5 |    32 |   117 |     5 ||   159
       Conjure Flame     |       |       |     6 |       ||     6
Evoke: Wand              |       |     1 |     1 |       ||     2
  Use: Scroll            |       |     5 |       |       ||     5
 Stab: Sleeping          |     9 |     3 |       |       ||    12
Armor: Robe              |     2 |       |       |       ||     2
       Leather armour    |     8 |     6 |     6 |       ||    20
Dodge: Dodged            |    21 |    39 |   129 |       ||   189
